 Dungeon Crawl Stone Soup version 0.30-a0-373-gd37427bb62 (webtiles) character file.

Game seed: 6833276759014230038

3532 kae the Transmogrifier (level 9, -7/80 HPs)
             Began as a Yellow Draconian Transmuter on Nov 23, 2022.
             Was an Initiate of Ru.
             Killed from afar by a gargoyle (21 damage)
             ... with a stone arrow
             ... on level 9 of the Dungeon.
             The game lasted 00:08:10 (8148 turns).

kae the Transmogrifier (DrTm)                       Turns: 8148, Time: 00:08:11

Health: -7/80      AC:  8    Str: 12    XL:     9   Next: 82%
Magic:  17/17      EV: 10    Int: 18    God:    Ru [......]
Gold:   575        SH:  0    Dex: 12    Spells: 9/19 levels left

rFire   x . .      SeeInvis .      - Unarmed
rCold   + + +      Faith    .    (shield currently unavailable)
rNeg    . . .      Spirit   .    (body armour unavailable)
rPois   +          Reflect  .    (helmet currently unavailable)
rElec   .          Harm     .    (cloak currently unavailable)
rCorr   +          Rampage  .    (gloves currently unavailable)
Will    .....                    (boots currently unavailable)
Stlth   +.........               g - amulet of regeneration
HPRegen 1.13/turn                R - ring of resist corrosion
MPRegen 0.15/turn                Z - ring of wizardry

@: ice-form
A: freezing attack, amphibious, boosted hp, (spit acid), AC +7, large, unfitting
armour, (cold-blooded), (acid resistance)
a: End Transformation, Renounce Religion, Sacrifice Artifice, Sacrifice Courage,
Sacrifice Essence, Reject Sacrifices


You were on level 9 of the Dungeon.
You worshipped Ru.
Ru was noncommittal.
You were a creature of crystalline ice.
You visited 2 branches of the dungeon, and saw 10 of its levels.

You collected 575 gold pieces.


Innate Abilities, Weirdness & Mutations

You are a creature of crystalline ice.
You have a powerful freezing melee attack.
You are amphibious.
Your maximum health is increased.
Your armour is entirely melded.
You are incapable of wielding weapons or throwing items.
((You can spit globs of acid.))
((Your golden yellow scales are hard. (AC +7)))
You cannot fit into any form of body armour.
((You are cold-blooded and may be slowed by cold attacks.))
((You are resistant to acid. (rCorr)))


   Skills:
 + Level 2.1 Fighting
 + Level 2.3 Dodging
 + Level 6.6 Unarmed Combat
 + Level 5.5 Spellcasting
 * Level 8.5 Transmutations
 * Level 7.1 Ice Magic
 - Level 1.5 Poison Magic


You had 9 spell levels left.
You knew the following spells:

 Your Spells              Type           Power      Damage    Failure   Level
a - Beastly Appendage     Tmut           70%        N/A       1%          1
b - Wereblood             Tmut           35%        N/A       1%          2
c - Spider Form           Tmut/Pois      23%        N/A       1%          3
d - Ice Form              Ice/Tmut       33%        N/A       1%          4

Your spell library contained the following spells:

 Spells                   Type           Power      Damage    Failure   Level
 Foxfire                  Conj/Fire      20%        2x1d5     5%          1
 Necrotise                Necr           20%        1d5       5%          1
 Summon Small Mammal      Summ           20%        N/A       5%          1
 Call Canine Familiar     Summ           5%         N/A       16%         3
 Gell's Gravitas          Tloc           5%         N/A       16%         3
 Summon Guardian Golem    Hex/Summ       5%         N/A       16%         3
 Teleport Other           Tloc           5%         N/A       16%         3
 Vampiric Draining        Necr           5%         2d6       16%         3
 Agony                    Necr           5%         N/A       77%         5
 Fireball                 Conj/Fire      2%         3d4       77%         5
 Dispersal                Tloc           2%         N/A       99%         6
 Starburst                Conj/Fire      2%         6d3       99%         6

Inventory:

Missiles
 d - 104 stones
 l - 11 poisoned darts
 w - 5 boomerangs
 A - a throwing net {=f!f}
Armour
 k - a +0 cloak (melded)
   (You took it off Crazy Yiuf on level 2 of the Dungeon)
Magical Staves
 f - a staff of air {!a}
   (You found it on level 1 of the Dungeon)
Jewellery
 g - an amulet of regeneration (around neck)
   (You took it off an orc on level 3 of the Dungeon)
 o - the Hermit's Pendant {Faith Invo=14 Evo=0 MP+5}
   (You found it on level 5 of the Dungeon)

   [amulet of faith]

   It sets your invocations skill to 14 and your evocations skill to 0.
   It allows you to gain divine favour quickly.
   MP:        It affects your magic capacity (+5).
 G - an amulet of guardian spirit
   (You found it on level 3 of the Dungeon)
 R - a ring of resist corrosion (left front paw)
   (You found it on level 2 of the Dungeon)
 Z - a ring of wizardry (right front paw)
   (You found it on level 5 of the Dungeon)
Wands
 s - a wand of mindburst (3)
   (You found it on level 6 of the Dungeon)
 y - a wand of paralysis (4)
   (You took it off an orc priest on level 7 of the Dungeon)
Scrolls
 p - 2 scrolls of magic mapping {!r}
 q - a scroll of teleportation {@r4}
 r - a scroll of poison {!r}
 t - 2 scrolls of blinking {!r}
 z - a scroll of immolation {!r!r}
Potions
 a - 2 potions of heal wounds {@q2}
 b - 4 potions of might
 c - 2 potions of brilliance {unknown}
 e - a potion of magic
 h - a potion of attraction {!q}
 i - 2 potions of mutation {!q}
 j - 3 potions of flight {unknown}
 m - 2 potions of degeneration {!q}
 n - a potion of berserk rage {unknown}
 u - a potion of haste {unknown}
 v - 2 potions of lignification {!q}

Dungeon Overview and Level Annotations

Branches:
Dungeon (9/15) Zot: 26802  Temple (1/1) D:5 Zot: 5768
   Lair: D:8-11         Orc: D:9-12

Altars:
Ashenzari
Cheibriados
Dithmenos
Elyvilon
Fedhas
Gozag
Kikubaaqudgha
Makhleb
Nemelex Xobeh
Okawaru
Qazlal
Ru
Sif Muna
Trog
Uskayaw
Vehumet
Wu Jian
Xom
Yredelemnul
Zin
The Shining One

Annotations:
D:6 exclusion: oklob plant
D:9 exclusion: 2 two-headed ogres

#..#.##.†##....##.........
.#...##.........#..##.....
.#...##.........'..##.....
≈#..[##.........#.........
≈#...##.........#.>......$
≈######...................
≈# #...######)...###### ≈#
...#.........# .# ..
#.....Y...# #.....9...#
#.........# #.........#
.............
.............#
.............#
..............


You could see a gargoyle.


Message History

No target in view!
A bullfrog is nearby!
You hit the bullfrog.
The bullfrog seems to slow down.
You freeze the bullfrog. The bullfrog hits you. 😕 HP[-4]
You take 4 damage, and now have 72/76 hp.
A bullfrog is nearby!
You punch the bullfrog! You freeze the bullfrog.
The bullfrog closely misses you.
You hit the bullfrog. You freeze the bullfrog.
The bullfrog closely misses you. 😕 HP[+2] MP[+1]
You regained 2 hp, and now have 74/76 hp.
A bullfrog is nearby!
You punch the bullfrog! You freeze the bullfrog.
You kill the bullfrog!
No target in view! 😕 HP[+1] No target in view!
No target in view!
You hear the creaking of a distant portcullis.
Ru believes you are ready to make a new sacrifice.
You see here a +0 long sword. 😎 HP[+1]
Your hp is fully restored (76). 2 two-headed ogres come into view.
There are monsters nearby!
There are monsters nearby!
Unknown command.
Unknown command.
Placed new exclusion.
Press: ? - help, v - describe, . - travel
Here: a two-headed ogre, wielding a +0 giant club and a +0 great mace (asleep)
The floor.
Placed new exclusion. 😎 MP[+1]
Found a stone staircase leading down. 😎 MP[+2]
Your mp is fully restored (17).
There is an open door here.
A deep elf pyromancer comes into view. It is wielding a +0 rapier.
A deep elf pyromancer is nearby!
A deep elf pyromancer is nearby!
A deep elf pyromancer is nearby!
Unknown command.
Unknown command.
There is an open door here.
Aiming: Paralyse
Press: ? - help, Shift-Dir - straight line, f - deep elf pyromancer
Aim: a deep elf pyromancer, wielding a +0 rapier (chance to affect: 31%)
The deep elf pyromancer easily resists.
The deep elf pyromancer gestures wildly while chanting.
Aiming: Paralyse
Press: ? - help, Shift-Dir - straight line, f/p - deep elf pyromancer
Aim: a deep elf pyromancer, wielding a +0 rapier (chance to affect: 31%)
The deep elf pyromancer suddenly stops moving!
Okay, then.
Unknown command.
A gargoyle comes into view. It is wielding a +0 mace.
The helpless deep elf pyromancer fails to defend itself.
You punch the deep elf pyromancer! You freeze the deep elf pyromancer.
The fire elemental hits you. The fire elemental burns you!
The fire burns you terribly!
The fire elemental barely misses you. 😮 HP[-21]
You take 21 damage, and now have 55/76 hp.
MASSIVE DAMAGE!! (PAUSE)
The helpless deep elf pyromancer fails to defend itself.
You pummel the deep elf pyromancer!! You freeze the deep elf pyromancer.
You kill the deep elf pyromancer!
The fire elemental disappears in a puff of smoke!
Your Fighting skill increases to level 2!
Your Ice Magic skill increases to level 7! 😮 HP[+3]
You now have 80 max hp (+4).
You regained 3 hp, and now have 58/80 hp.
The gargoyle hurls a stone arrow at you.
The stone arrow hits you!!
* * * LOW HITPOINT WARNING * * *
Things that are here:
a +0 rapier; an elf corpse; 😨 HP[-22]
You take 22 damage, and now have 36/80 hp.
MASSIVE DAMAGE!! (PAUSE)
The gargoyle hurls a stone arrow at you.
The stone arrow hits you!
* * * LOW HITPOINT WARNING * * *
😨 HP[-15]
You take 15 damage, and now have 21/80 hp.
Unknown command.
The gargoyle hits you but does no damage. 😨 HP[+1]
You completely miss the gargoyle. The gargoyle hits you with a +0 mace!
* * * LOW HITPOINT WARNING * * *
😱 HP[-10]
You take 10 damage, and now have 12/80 hp.
Unknown command.
You hit the gargoyle but do no damage. The gargoyle misses you. 😱 HP[+1]
You punch the gargoyle! You freeze the gargoyle.
The gargoyle hurls a stone arrow at you.
The stone arrow hits you!!
You die...

Skill      XL: |  1  2  3  4  5  6  7  8  9 |
---------------+----------------------------+-----
Transmutations | 3 4 5 6 7 8 |  8.5
Poison Magic   | 1 |  1.5
Unarmed Combat | 4 5 6 |  6.6
Spellcasting   | 3 4 5 |  5.5
Ice Magic      | 2 4 5 7 |  7.1
Dodging        | 2 |  2.3
Fighting       | 2 |  2.1

Action                   |  1- 3 |  4- 6 |  7- 9 || total
-------------------------+-------+-------+-------++-------
Melee: Unarmed           |   128 |   128 |   258 ||   514
       Kick              |    15 |       |       ||    15
       Tailslap          |    10 |     5 |       ||    15
       Headbutt          |    12 |     1 |       ||    13
       Punch             |     2 |     1 |       ||     3
 Cast: Beastly Appendage |    20 |     3 |       ||    23
       Spider Form       |     1 |    20 |     1 ||    22
       Ice Form          |       |     1 |    38 ||    39
       Wereblood         |       |       |     4 ||     4
Invok: Reject Sacrifices |       |       |     1 ||     1
Evoke: Wand              |       |       |     2 ||     2
  Use: Scroll            |     2 |     4 |     9 ||    15
       Potion            |       |     1 |       ||     1
 Stab: Paralysed         |       |       |     2 ||     2
Armor: Skin              |    41 |    18 |    88 ||   147
Dodge: Dodged            |   105 |   113 |   114 ||   332

Levels and vault maps discovered:
D:1:      spicycebolla_arrival_transporter_tutorial, layout_rooms
D:2:      layout_loops_ring, minmay_octomino_c4, uniq_crazy_yiuf_cottage
D:3:      layout_loops_cross, mainiacjoe_overflow_surrounded_room,
          fiery_altar_vehumet, ebering_ecumenical_altar_box, uniq_sigmund
D:4:      layout_cave_pools, minmay_misc_feat_cross,
          kennysheep_cross_bottleneck, minmay_misc_feat_diagonals, uniq_ijyb,
          uniq_menkaure
D:5:      layout_gridville, amcnicky_altar_gilded, minmay_temple_entry_wispy
D:6:      layout_loops_corners, nemelex_xobeh_ov_fountains_minmay, tgw_fedhas,
          mainiacjoe_overflow_tiny_flanked
D:7:      layout_gridville, xom_teletrap_fun, serial_demonic, serial_demonic_e,
          serial_demonic_d, serial_demonic_c, serial_demonic_d,
          serial_demonic_e, serial_demonic_f, serial_demonic_c
D:8:      layout_basic
D:9:      minmay_cut_squares, layout_stronghold, mainiacjoe_overflow_paths,
          grunt_lair_entry_orc_guard_hut, enter_bailey_5,
          hellmonk_guarded_unrand_gyre_and_gimble, uniq_maurice
Temple:   nicolae_temple_figure_eight

Notes
Turn   | Place    | Note
-------+----------+-------------------------------------------
     0 | D:1      | kae the Draconian Transmuter began the quest for the Orb.
     0 | D:1      | Reached XP level 1. HP: 16/16 MP: 3/3
     0 | D:1      | magus.rc [v1.11.3]
   146 | D:1      | Identified +0 gold dragon scales
   170 | D:1      | Reached XP level 2. HP: 22/23 MP: 3/5
   424 | D:1      | Reached XP level 3. HP: 27/28 MP: 4/6
   428 | D:1      | Learned a level 2 spell: Wereblood
   432 | D:1      | Learned a level 3 spell: Spider Form
   589 | D:1      | Reached skill level 3 in Transmutations
   726 | D:2      | Found a runed translucent door.
   727 | D:2      | Noticed Crazy Yiuf
   986 | D:2      | Reached skill level 1 in Poison Magic
   986 | D:2      | Reached XP level 4. HP: 35/35 MP: 4/7
  1338 | D:2      | You pick up a book of Callings and begin reading...
  1338 | D:2      | You add the spells Summon Small Mammal, Call Canine
                  | Familiar and Summon Guardian Golem to your library.
  1680 | D:3      | Noticed Sigmund
  1680 | D:3      | Found a faded altar of an unknown god.
  1688 | D:2      | Killed Sigmund
  1689 | D:2      | Reached skill level 4 in Unarmed Combat
  1689 | D:2      | Reached skill level 3 in Spellcasting
  1689 | D:2      | Reached skill level 4 in Transmutations
  1689 | D:2      | Reached XP level 5. HP: 40/40 MP: 7/9
  1730 | D:3      | Reached XP level 6. HP: 41/47 MP: 6/10
  1831 | D:2      | Learned a level 4 spell: Ice Form
  1837 | D:2      | Killed Crazy Yiuf
  2093 | D:3      | Found a radiant altar of Vehumet.
  2216 | D:3      | Found a white marble altar of Elyvilon.
  2590 | D:3      | Reached skill level 1 in Ice Magic
  2611 | D:3      | You pick up a book of Necromancy and begin reading...
  2611 | D:3      | You add the spells Necrotise, Vampiric Draining and Agony
                  | to your library.
  3003 | D:4      | Identified the +7 long sword of Focus {elec, rF- Int+6}
  3009 | D:4      | Noticed Menkaure
  3018 | D:4      | Noticed Ijyb
  3021 | D:4      | Killed Menkaure
  3022 | D:4      | Reached skill level 5 in Transmutations
  3022 | D:4      | Reached skill level 2 in Ice Magic
  3022 | D:4      | Your scales start taking on a golden yellow colour.
  3022 | D:4      | Reached XP level 7. HP: 48/52 MP: 7/12
  3022 | D:4      | Gained mutation: You are resistant to acid. (rCorr) [Yellow
                  | Draconian growth]
  3025 | D:4      | Paralysed by Ijyb for 4 turns
  3035 | D:4      | Killed Ijyb
  3170 | D:4      | You pick up a book of Fire and begin reading...
  3170 | D:4      | You add the spells Foxfire, Fireball and Starburst to your
                  | library.
  3269 | D:4      | Reached skill level 3 in Ice Magic
  3580 | D:5      | Entered Level 5 of the Dungeon
  3597 | D:5      | Found a staircase to the Ecumenical Temple.
  3612 | D:5      | Reached skill level 5 in Unarmed Combat
  3618 | Temple   | Entered the Ecumenical Temple
  3837 | Temple   | Became a worshipper of Ru the Awakened
  3872 | D:5      | Found an ancient bone altar of Kikubaaqudgha.
  3882 | D:5      | Reached skill level 4 in Spellcasting
  3951 | D:5      | Found the Hermit's Pendant {Faith Invo=14 Evo=0 MP+5}
  4322 | D:5      | Noticed a yak
  4426 | D:5      | Noticed a yak
  4440 | D:5      | Killed a yak
  4441 | D:5      | Reached skill level 6 in Transmutations
  4441 | D:5      | Reached skill level 4 in Ice Magic
  4441 | D:5      | Reached XP level 8. HP: 47/59 MP: 10/14
  4904 | D:6      | Found a glowing golden altar of the Shining One.
  4982 | D:6      | Reached skill level 5 in Ice Magic
  5186 | D:6      | Reached skill level 7 in Transmutations
  5583 | D:6      | Found a sparkling altar of Nemelex Xobeh.
  5782 | D:6      | Found a blossoming altar of Fedhas.
  5800 | D:6      | Noticed an oklob plant
  6134 | D:7      | Reached XP level 9. HP: 57/64 MP: 16/16
  6330 | D:7      | Reached skill level 6 in Unarmed Combat
  6349 | D:7      | You add the spells Gell's Gravitas, Teleport Other and
                  | Dispersal to your library.
  6400 | D:7      | Reached skill level 5 in Spellcasting
  6402 | D:7      | Paralysed by an orc priest for 3 turns
  6426 | D:7      | Reached skill level 6 in Ice Magic
  6426 | D:7      | Found a shimmering altar of Xom.
  6938 | D:8      | Reached skill level 8 in Transmutations
  7988 | D:9      | Reached skill level 2 in Dodging
  8046 | D:9      | Found a bloodstained altar of Trog.
  8106 | D:9      | Noticed a two-headed ogre
  8106 | D:9      | Noticed a two-headed ogre
  8133 | D:9      | Noticed a deep elf pyromancer
  8140 | D:9      | Noticed a gargoyle
  8142 | D:9      | Killed a deep elf pyromancer
  8143 | D:9      | Reached skill level 2 in Fighting
  8143 | D:9      | Reached skill level 7 in Ice Magic
  8146 | D:9      | HP: 12/80 [gargoyle/+0 mace (11)]
  8148 | D:9      | Killed from afar by a gargoyle

Vanquished Creatures
  A deep elf pyromancer (D:9)
  Sigmund (D:2)
  A wyvern (D:8)
  3 yaks (D:5)
  Menkaure (D:4)
  2 water moccasins
  2 black bears
  2 ice beasts (D:7)
  An ogre (D:5)
  2 centaurs
  2 phantoms (D:5)
  2 necrophages
  2 gnoll sergeants
  3 bullfrogs
  A quasit (D:7)
  2 jellies
  4 orc priests
  A hound (D:6)
  Crazy Yiuf (D:2)
  Ijyb (D:4)
  2 iguanas
  7 orc wizards
  8 adders
  11 gnolls
  2 shadow imps
  3 white imps
  3 ufetubi
  4 worms
  2 dart slugs (D:3)
  31 orcs
  5 bats
  5 endoplasms
  6 giant cockroaches
  8 goblins
  7 hobgoblins
  A jackal (D:2)
  13 kobolds
  A quokka (D:2)
  9 ball pythons
  5 frilled lizards
  9 rats
177 creatures vanquished.

Vanquished Creatures (others)
  8 fungi
  25 plants
33 creatures vanquished.

Grand Total: 210 creatures vanquished

Table legend:
 A = Non-vault XP
 B = Vault XP
 C = Vault XP percentage of total XP
 D = Non-vault monster count
 E = Vault monster count
 F = Vault count percentage of total count
                 A         B        C        D         E       F
            +---------+---------+-------+---------+---------+-------
      Total |    3818 |    1229 |  24.4 |     161 |      16 |   9.0
            +---------+---------+-------+---------+---------+-------
        D:1 |      56 |       0 |   0.0 |      34 |       0 |   0.0
        D:2 |      38 |     311 |  89.1 |      13 |       8 |  38.1
        D:3 |     161 |       0 |   0.0 |      27 |       0 |   0.0
        D:4 |     301 |     204 |  40.4 |      14 |       2 |  12.5
        D:5 |    1150 |       0 |   0.0 |      21 |       0 |   0.0
        D:6 |     519 |       0 |   0.0 |      21 |       0 |   0.0
        D:7 |     809 |      72 |   8.2 |      14 |       4 |  22.2
        D:8 |     642 |       0 |   0.0 |      16 |       0 |   0.0
        D:9 |     142 |     642 |  81.9 |       1 |       2 |  66.7
            +---------+---------+-------+---------+---------+-------

Illustrated notes

Table legend:
 A = Kills in this place as a percentage of kills in entire the game.
 B = Kills by you in this place as a percentage of kills by you in the entire game.
 C = Kills by friends in this place as a percentage of kills by friends in the entire game.
 D = Other kills in this place as a percentage of other kills in the entire game.
 E = Experience gained in this place as a percentage of experience gained in the entire game.
 F = Experience gained in this place divided by the number of levels of this place that you have seen.
                   A       B       C       D       E      F
               +-------+-------+-------+-------+-------+----------------------
         Total | 100.0 | 100.0 |   N/A |   N/A | 100.0 | 504.7
       Dungeon | 100.0 | 100.0 |   N/A |   N/A | 100.0 | 560.8
               +-------+-------+-------+-------+-------+----------------------

Table legend: (Time is in decaauts)
 A = Elapsed time spent in this place.
 B = Non-inter-level travel time spent in this place.
 C = Inter-level travel time spent in this place.
 D = Time resting spent in this place.
 E = Time spent auto-exploring this place.
 F = Levels seen in this place.
 G = Mean time per level.
                   A        B        C        D        E       F      G
               +--------+--------+--------+--------+--------+-----+--------+
         Total |   8115 |   7811 |    304 |    255 |   6286 |  10 |  811.5 |
       Dungeon |   7883 |   7590 |    293 |    255 |   6084 |   9 |  875.9 |
        Temple |    231 |    220 |     11 |      0 |    202 |   1 |  231.0 |
               +--------+--------+--------+--------+--------+-----+--------+

Top non-repeatable levels by time:
     D:2: 1209 daAuts
     D:6: 1203 daAuts
     D:8: 1012 daAuts
     D:5: 996 daAuts
     D:7: 902 daAuts
     D:3: 852 daAuts
     D:4: 821 daAuts
     D:1: 688 daAuts
  Temple: 231 daAuts
     D:9: 196 daAuts
